 Dungeon Crawl Stone Soup version 0.24.0-3-g28a8eb0610 (webtiles) character file.

Game seed: 10341167191087895471, levelgen mode: deterministic

744506 Oravi the Axe Maniac (level 27, 0/273 HPs)
             Began as a Hill Orc Berserker on Nov 1, 2019.
             Was the Champion of Trog.
             Killed from afar by an electric golem (4 damage)
             ... with a bolt of lightning
             ... on level 5 of the Realm of Zot.
             The game lasted 08:01:31 (90784 turns).

Oravi the Axe Maniac (Hill Orc Berserker)          Turns: 90784, Time: 08:01:32

Health: 0/273      AC: 48    Str: 34    XL:     27
Magic:  28/28      EV: 16    Int:  5    God:    Trog [******]
Gold:   6185       SH:  0    Dex: 13    Spells: 26/26 levels left

rFire    + . .     SeeInvis .   F - +9 executioner's axe (freeze)
rCold    + + +     Gourm    .   (shield currently unavailable)
rNeg     + + .     Faith    .   b - +7 crystal plate armour of Proximity {rN++}
rPois    +         Spirit   .   H - +2 helmet
rElec    .         Reflect  .   V - scarf {rC+ rF+}
rCorr    +         Harm     .   S - +2 pair of gloves {Dex+3}
MR       +++++                  T - +2 pair of boots {Fly}
Stlth    ..........             L - amulet of the acrobat
HPRegen  1.55/turn              D - ring "Cycrat" {rC+ MR+++ MP-9 Str+3 Int-2}
MPRegen  0.21/turn              r - ring of Happiness {rPois rC+ MR+ rCorr}

@: about to teleport, flying, regenerating
A: talons 1, blink, sense surroundings 1, shaggy fur 1, weak 1
}: 5/15 runes: serpentine, barnacled, slimy, silver, abyssal
a: Blink, Berserk, Trog's Hand, Brothers in Arms, Renounce Religion, Stop Flying


You were on level 5 of the Realm of Zot.
You worshipped Trog.
Trog was exalted by your worship.
You were full.

You visited 11 branches of the dungeon, and saw 57 of its levels.
You visited the Abyss 2 times.
You visited 1 bazaar.
You also visited: Bailey and Ice Cave.

You collected 9650 gold pieces.
You spent 3465 gold pieces at shops.

Inventory:

Hand Weapons
 a - a +5 executioner's axe of electrocution
 f - a +9 vampiric executioner's axe
 j - a +9 antimagic battleaxe
 F - a +9 executioner's axe of freezing (weapon)
Missiles
 M - 74 boomerangs (quivered)
 P - 9 throwing nets {!f}
 R - 69 silver javelins
 W - 26 silver boomerangs
 X - 36 javelins
Armour
 b - the +7 crystal plate armour of Proximity (worn) {rN++}
   (You found it on level 3 of the Abyss)

   It greatly protects you from negative energy.
 H - a +2 helmet (worn)
 S - a +2 pair of gloves of dexterity (worn)
 T - a +2 pair of boots of flying (worn)
 V - a scarf of resistance (worn)
Jewellery
 i - an uncursed ring of protection from cold
 k - an uncursed ring of see invisible
 n - an uncursed ring of fire
 r - the ring of Happiness (right hand) {rPois rC+ MR+ rCorr}
   (You bought it in a shop on level 3 of the Elven Halls)

   [ring of resist corrosion]

   It protects you from cold.
   It protects you from poison.
   It affects your resistance to hostile enchantments.
   It provides partial protection from all sources of acid and corrosion.
 t - the ring of Cuxoxtun {Wiz rElec Int+7}
   (You took it off Jory on level 1 of the Crypt)

   [ring of wizardry]

   It improves your spell success rate.
   It affects your intelligence (+7).
   It insulates you from electricity.
 D - the ring "Cycrat" (left hand) {rC+ MR+++ MP-9 Str+3 Int-2}
   (You found it on level 5 of the Pits of Slime)

   [ring of protection from cold]

   It affects your strength (+3).
   It affects your intelligence (-2).
   It protects you from cold.
   It affects your resistance to hostile enchantments.
   It affects your magic capacity (-9).
 J - an uncursed ring of magical power
 L - an amulet of the acrobat (around neck)
Wands
 x - a wand of clouds (5)
 A - a wand of scattershot (13)
 B - a wand of digging (19)
 E - a wand of acid (28)
 Q - a wand of iceblast (50)
Scrolls
 h - 12 scrolls of fog
 o - a scroll of immolation
 p - 7 scrolls of fear
 q - 15 scrolls of magic mapping
 w - a scroll of summoning
 y - 28 scrolls of remove curse {@r2}
 C - 25 scrolls of teleportation
 K - a scroll of silence
 O - 11 scrolls of identify {@r1}
 U - 2 scrolls of blinking
Potions
 e - 6 potions of haste
 l - 28 potions of curing {@q1}
 m - 7 potions of ambrosia
 s - 12 potions of might
 u - 4 potions of heal wounds
 v - 4 potions of resistance
 G - a potion of invisibility
 I - 4 potions of agility
 Z - 4 potions of cancellation
Miscellaneous
 d - a lamp of fire
 g - 5 phantom mirrors
 z - a lightning rod (4/4)
 N - 6 boxes of beasts
 Y - a phial of floods
Comestibles
 c - 78 rations


   Skills:
 O Level 27 Fighting
 O Level 27 Axes
 + Level 19.9 Throwing
 + Level 23.1 Armour
 + Level 15.4 Dodging
 + Level 21.2 Evocations


You had 26 spell levels left.
You didn't know any spells.
Your spell library was empty.

Dungeon Overview and Level Annotations

Branches:
Dungeon (15/15)            Temple (0/1) D:7            Lair (6/6) D:9
 Shoals (4/4) Lair:3        Snake (4/4) Lair:2        Slime (5/5) Lair:5
    Orc (2/2) D:12            Elf (3/3) Orc:2        Vaults (5/5) D:13
  Crypt (3/3) Vaults:2       Tomb (0/3) Crypt:3      Depths (5/5) D:15
    Zot (5/5) Depths:5     Bailey (visited)           IceCv (visited)

Altars:
Ashenzari
Cheibriados
Elyvilon
Fedhas
Hepliaklqana
Makhleb
Qazlal
Ru
Sif Muna
Trog
Uskayaw
Vehumet
Wu Jian
Xom
Yredelemnul
Beogh
Jiyva
Lugonu

Shops:
D:4 [   D:5 :   D:9 [   D:13 %   Orc:2 (}(:   Elf:2 ((?!   Elf:3 =   Vaults:1 ?
Depths:1 =*(   Depths:5 =}}

Portals:
Hell: Lair:6 Depths:1 Depths:2 Depths:3 Depths:4 Depths:5
Abyss: Depths:1 Depths:3 Depths:4
Pandemonium: Depths:3 Depths:5
Ziggurat: Depths:1
Trove: D:14 (give horn of Geryon)

Annotations:
Lair:4 exclusion: 4 oklob plants
Orc:1 3 runed translucent doors, Potutehi's ghost, journeyman DDFi
Vaults:4 8 runed translucent doors, Bailed's ghost, veteran MiMo
Depths:1 1 runed translucent door, mora's ghost, adept MiBe
Depths:4 3 runed translucent doors, Camaan's ghost, adept DgCj; Polaczum's ghost, adept TrMo; Zeweikyj's ghost, veteran FoFi
Depths:5 2 runed translucent doors, Bazinnaoc's ghost, veteran BaIE
Zot:5 1 exclusion


Innate Abilities, Weirdness & Mutations

You have sharp toenails.
You can translocate small distances at will.
You passively map a small area around you.
You are covered in fur. (AC +1)
You are weak. (Str -2)


Message History

The Tzitzimitl is engulfed in blazing flames.
The Tzitzimitl calls on the powers of darkness!
Your body is wracked with pain!
* * * LOW HITPOINT WARNING * * *
The Orb Guardian convulses! x2; The Killer Klown convulses!
The golden dragon convulses!
The Killer Klown convulses!
The Orb Guardian convulses! x2; The yellow draconian monk convulses!
The black draconian convulses!
The red draconian convulses!
The Killer Klown convulses!
The white draconian convulses!
The Killer Klown convulses!
Your blink will be uncontrolled - continue anyway?
The Orb prevents control of your translocation!
You blink.
As you read the scroll of blinking, it crumbles to dust.
The Orb Guardian looks more healthy.
The reaper hits you from afar with a +4 scythe of slicing!!
* * * LOW HITPOINT WARNING * * *
x2 The electric golem hurls lightning at you.
The bolt of lightning hits you.
You die...

***#▓▓▓▓################▓▓▓▓▓▓▓▓
,,,* **..............## ,,**
**,..^.!..^.......## ,,*
**,,................## ,**
*,,,...^..p..........# ,*
*,,,..........p......# ,**
*,,,.......1pL8X.1^..# ,,*
*,,,..........LXX§§..# ,,**
*,,,.......@D2.*X§§..#
,,,***,,,........d.q*§§§§^#
*,,,***,,^......p...§§§§§##
**,,,,**,.........dd§§§.##
***,,,,,.[........p...##
****▓▓▓▓▓▓▓▓##....8▓▓
***▓.............d.▓▓
***,,..............[..▓*
**,,,,...........§...d..▓*


You could see 2 orbs of fire, 5 Killer Klowns, an electric golem, a yellow
draconian monk, a golden dragon, 2 ancient liches, a Tzitzimitl, a black
draconian, a green draconian, a red draconian, a white draconian, 4 Orb
Guardians, a reaper and an Executioner.

Vanquished Creatures
  the Royal Jelly (Slime:5)
  3 ancient liches
  A juggernaut (Depths:5)
  2 orbs of fire
  Frederick (Vaults:5)
  A curse toe (Zot:4)
  2 caustic shrikes
  A Killer Klown (Zot:4)
  9 golden dragons
  Jory (Crypt:1)
  A bone dragon (Abyss:3)
  15 liches
  Jorgrun (Shoals:2)
  20 tentacled monstrosities
  An iron giant (shapeshifter) (Vaults:5)
  2 electric golems
  Rupert (D:13)
  2 deep elf blademasters (Elf:3)
  4 titans
  A deep elf master archer (Elf:3)
  25 acid blobs
  Asterion (Vaults:2)
  9 quicksilver dragons
  Frances (D:13)
  4 tentacled starspawn
  A kraken (Shoals:2)
  Polyphemus (Shoals:2)
  3 death cobs
  An Executioner (Abyss:3)
  4 ancient champions
  9 storm dragons
  2 sphinxes (Vaults:5)
  4 nagarajas (Snake:4)
  16 draconian monks
  13 shadow dragons
  Donald (Vaults:3)
  10 tengu reavers
  15 azure jellies
  Aizul (Snake:4)
  13 fire giants
  3 iron dragons
  9 draconian knights
  2 ghost moths
  7 frost giants
  10 deep elf sorcerers
  3 cacodemons (Abyss:3)
  A balrug (Abyss:3)
  9 vault wardens
  2 orc warlords
  3 draconian scorchers
  6 draconian shifters
  3 curse skulls
  9 deep elf elementalists
  A reaper (Crypt:2)
  2 spriggan defenders (Depths:5)
  7 draconian annihilators
  7 draconian stormcallers
  21 very ugly things
  An entropy weaver (Vaults:3)
  19 ironheart preservers
  14 vampire knights
  32 stone giants
  22 black draconians
  8 war gargoyles
  14 green draconians
  17 yellow draconians
  7 deep elf annihilators
  5 deep elf demonologists
  18 red draconians
  10 white draconians
  9 spark wasps
  14 purple draconians
  2 merfolk javelineers (Shoals:4)
  8 eidola
  12 death oozes
  A blizzard demon (Abyss:2)
  14 ettins
  14 deep elf death magi
  A mummy priest (Crypt:3)
  Josephine (D:15)
  14 merfolk impalers
  16 fire dragons
  14 great orbs of eyes
  23 yaktaur captains
  9 deep elf high priests
  11 jiangshi
  7 hydras
  39 vault guards
  Erolcha (D:10)
  A hell beast (Depths:3)
  5 rakshasas
  13 naga warriors
  9 centaur warriors
  10 ice dragons
  An alligator snapping turtle (Shoals:2)
  A catoblepas (Shoals:2)
  5 spriggan air magi
  3 satyrs (Shoals:4)
  4 merfolk aquamancers
  3 merfolk avatars
  27 dancing weapons
  3 death knights
  9 deep troll shamans
  Erica (D:11)
  13 ogre magi
  17 anacondas
  An alligator (shapeshifter) (Vaults:1)
  3 death yaks (Shoals:2)
  26 two-headed ogres
  5 orc high priests (Orc:2)
  9 tengu warriors
  8 deep troll earth magi
  A titan zombie (Crypt:3)
  12 vampire magi
  7 spriggan berserkers
  3 thrashing horrors (Abyss:2)
  9 naga sharpshooters
  A storm dragon zombie (Crypt:3)
  10 shock serpents
  A fire crab (shapeshifter) (Vaults:4)
  8 iron trolls
  22 deep elf knights
  2 spatial maelstroms
  3 sixfirhies
  3 skeletal warriors
  6 wretched stars
  27 small abominations
  9 salamander mystics
  22 hell knights
  5 glowing orange brains
  12 sea snakes
  5 unseen horrors
  27 deep trolls
  A golden dragon zombie (D:15)
  3 shadow wraiths
  A torturous demonspawn (Depths:3)
  A quicksilver dragon simulacrum (Crypt:1)
  22 deep elf archers
  13 flayed ghosts
  A swamp dragon (Vaults:3)
  10 naga ritualists
  A shadow demon (Abyss:2)
  A shadow dragon zombie (Crypt:3)
  7 wizards
  16 necromancers
  30 phantasmal warriors
  12 harpies
  24 ironbrand convokers
  8 mana vipers
  4 lindwurms (Snake:4)
  21 orc knights
  A wolf spider (Vaults:1)
  6 shining eyes
  43 ugly things
  9 orc sorcerers
  18 fauns
  A salamander (shapeshifter) (Depths:2)
  A stone giant zombie (Vaults:4)
  17 salamanders
  A faun (shapeshifter) (Depths:2)
  71 deep elf magi
  22 moths of wrath
  A fire giant skeleton (Vaults:4)
  8 manticores
  2 worldbinders (Abyss:2)
  An iron dragon skeleton (Crypt:1)
  10 cyclopes
  17 naga magi
  3 stone giant skeletons
  5 fire giant zombies
  13 merfolk sirens
  A centaur zombie (D:14)
  4 frost giant zombies (Crypt:1)
  6 elephants
  20 vault sentinels
  32 black mambas
  3 ice statues (IceCv)
  Joseph (D:8)
  An apocalypse crab (Abyss:3)
  6 guardian serpents
  11 smoke demons
  A dire elephant zombie (Crypt:1)
  2 rust devils
  3 orange demons
  2 torpor snails (Lair:2)
  2 water nymphs (Shoals:4)
  8 spiny frogs
  Psyche (D:8)
  6 gargoyles
  3 rime drakes (Lair:6)
  Maurice (D:8)
  A shock serpent skeleton (Crypt:3)
  46 yaktaurs
  An efreet (Abyss:3)
  5 komodo dragons
  A rime drake (shapeshifter) (Depths:2)
  A redback zombie (Crypt:1)
  A hellion (Depths:5)
  2 komodo dragons (shapeshifter)
  A tormentor (Abyss:2)
  2 ancient zymes
  2 hydra zombies
  A yaktaur zombie (D:15)
  A minotaur zombie (Crypt:2)
  A sea snake skeleton (Crypt:1)
  7 freezing wraiths
  A guardian mummy (D:15)
  13 ice devils
  A catoblepas skeleton (Abyss:2)
  6 red devils
  4 tengu conjurers
  2 ghost moth simulacra
  6 hellwings
  42 large abominations
  A polar bear (Lair:6)
  26 merfolk
  A meliai (shapeshifter) (Depths:3)
  A polar bear (shapeshifter) (Depths:1)
  3 wind drakes
  A hornet (shapeshifter) (Vaults:3)
  A harpy zombie (Crypt:3)
  5 hornets
  8 trolls
  Grinder (D:3)
  14 blink frogs
  108 slime creatures
  A hydra skeleton (Abyss:2)
  A jumping spider (Vaults:3)
  22 raiju
  Prince Ribbit (D:6)
  An ettin zombie (Crypt:1)
  A meliai zombie (D:10)
  A dream sheep (shapeshifter) (Depths:3)
  8 dream sheep
  3 snapping turtles
  3 redbacks (Vaults:3)
  A frost giant simulacrum (Vaults:2)
  A hippogriff (shapeshifter) (Depths:2)
  15 hippogriffs
  6 starcursed masses
  9 flying skulls
  8 shadows
  9 water elementals
  3 spriggans (Depths:5)
  A wind drake zombie (Crypt:2)
  5 wyverns
  4 ynoxinuls (Abyss:2)
  7 vampires
  A fire bat (Abyss:2)
  Eustachio (D:4)
  4 golden eyes (Abyss:3)
  A yak (shapeshifter) (Vaults:2)
  42 yaks
  17 wraiths
  A golden eye (shapeshifter) (Depths:1)
  2 humans
  2 basilisks
  3 fire elementals
  2 human simulacra (Vaults:3)
  Grum (D:9)
  7 neqoxecs
  3 hogs (D:8)
  4 hungry ghosts
  A yaktaur simulacrum (Vaults:2)
  6 vampire mosquitoes
  7 chaos spawn
  9 wargs
  53 nagas
  A soldier ant (shapeshifter) (Vaults:2)
  2 spatial vortices (Abyss:3)
  4 acid dragons
  A soldier ant (D:13)
  Menkaure (D:4)
  A swamp worm (shapeshifter) (Vaults:4)
  6 hell hounds
  8 water moccasins
  A torturous demonspawn skeleton (Crypt:1)
  A monstrous demonspawn skeleton (Crypt:2)
  A water nymph skeleton (Crypt:1)
  4 floating eyes
  4 porcupines
  A swamp drake (shapeshifter) (Depths:2)
  A necrophage (D:12)
  61 orc warriors
  4 sky beasts
  6 black bears
  3 ice beasts
  21 wolves
  32 ogres
  2 human zombies (Vaults:3)
  5 phantoms
  4 eyes of draining
  9 boggarts
  A fire dragon simulacrum (Crypt:1)
  7 crocodiles
  15 centaurs
  2 swamp dragon skeletons (Crypt:1)
  9 elf zombies
  21 bullfrogs
  A bullfrog (shapeshifter) (Vaults:5)
  3 earth elementals
  8 gnoll sergeants (Bailey)
  A spiny frog simulacrum (Crypt:1)
  A glowing shapeshifter simulacrum (Vaults:2)
  A salamander skeleton (Crypt:2)
  A deep troll simulacrum (Vaults:1)
  5 scorpions
  12 wights
  3 killer bees (D:12)
  7 howler monkeys
  A spectral wolf (Crypt:1)
  A troll skeleton (Crypt:3)
  4 electric eels
  10 crimson imps
  A draconian simulacrum (IceCv)
  A black bear zombie (Crypt:2)
  4 quasits
  7 hounds
  4 bullfrog skeletons
  7 gnoll shamans
  40 orc priests
  4 jellies
  3 centaur skeletons
  7 iron imps
  Ijyb (D:5)
  Natasha (thrice) (D:3)
  2 iguanas
  23 orc wizards
  7 worker ants
  2 spriggan simulacra (IceCv)
  3 troll simulacra (IceCv)
  A sky beast zombie (Crypt:1)
  2 centaur simulacra (IceCv)
  A dwarf skeleton (Crypt:1)
  A crocodile skeleton (Crypt:1)
  A tengu skeleton (Crypt:1)
  21 gnolls
  A howler monkey skeleton (D:5)
  An ogre simulacrum (IceCv)
  13 adders
  A gnoll (shapeshifter) (Vaults:5)
  A naga simulacrum (IceCv)
  3 white imps
  6 ufetubi
  An ooze (D:4)
  An adder zombie (D:5)
  A halfling skeleton (Crypt:1)
  An iguana zombie (Crypt:2)
  An adder skeleton (D:9)
  3 worms
  2 dart slugs
  2 leopard geckos
  118 orcs
  A ball python (shapeshifter) (Vaults:3)
  A bat skeleton (Crypt:2)
  2 giant cockroaches
  13 goblins
  5 hobgoblins
  21 jackals
  5 quokkas
  3 ball pythons
  6 bats (D:3)
  6 frilled lizards
  A giant cockroach zombie (D:6)
  A gnoll zombie (Crypt:2)
  4 kobolds
  A quokka zombie (D:5)
  6 rats
  2 crawling corpses (Elf:3)
  2 fungi
  4 lurking horrors
  2 macabre masses (Abyss:3)
  14 plants
  7 starspawn tentacles
  A tentacle (Shoals:2)
  3 withered plants
2905 creatures vanquished.

Vanquished Creatures (collateral kills)
  A deep elf blademaster (Elf:2)
  Fannar (Lair:1)
  A naga warrior (Snake:4)
  A dancing weapon (Elf:2)
  A naga sharpshooter (Snake:4)
  A sun demon (Lair:6)
  A deep elf knight (Elf:2)
  A salamander mystic (Snake:4)
  3 salamanders (Snake:4)
  A deep elf mage (Elf:2)
  A guardian serpent (Snake:4)
  A komodo dragon (Lair:2)
  2 merfolk (Shoals:3)
  3 meliai (D:13)
  A basilisk (D:13)
  A naga (Lair:2)
  3 wargs (D:12)
  An ice beast (D:12)
  A crimson imp (D:12)
26 creatures vanquished.

Vanquished Creatures (others)
  A draconian shifter (Zot:1)
  A spriggan defender (Depths:5)
  2 spark wasps (Depths:1)
  An ice dragon (Depths:1)
  An anaconda (Snake:4)
  A shadow wraith (Vaults:4)
  A water elemental (Shoals:3)
  A naga (Snake:4)
  3 ogres (Vaults:5)
  A gnoll (Bailey)
  An ufetubus (Abyss:2)
  60 fungi
  A lurking horror (Abyss:3)
  40 plants
  6 starspawn tentacles
  4 tentacles (Shoals:2)
  28 withered plants
153 creatures vanquished.

Grand Total: 3084 creatures vanquished

Notes
Turn   | Place    | Note
-------+----------+-------------------------------------------
     0 | D:1      | Oravi the Hill Orc Berserker began the quest for the Orb.
     0 | D:1      | Reached XP level 1. HP: 19/19 MP: 1/1
   237 | D:1      | Reached XP level 2. HP: 27/27 MP: 2/2
   663 | D:2      | Reached XP level 3. HP: 29/33 MP: 3/3
   700 | D:2      | Reached ** piety under Trog
   795 | D:2      | Reached skill level 5 in Axes
   814 | D:2      | Reached XP level 4. HP: 36/41 MP: 4/4
  1378 | D:2      | Found a radiant altar of Vehumet.
  1663 | D:3      | Reached skill level 5 in Fighting
  1710 | D:3      | Reached XP level 5. HP: 42/48 MP: 5/5
  1758 | D:3      | Noticed Natasha
  1779 | D:3      | Killed Natasha
  1910 | D:3      | Noticed Grinder
  1929 | D:4      | Found Xeutz's Armour Shoppe.
  1929 | D:4      | Noticed an ogre
  1930 | D:4      | Noticed Eustachio
  1940 | D:4      | Killed an ogre
  1940 | D:4      | Reached skill level 1 in Throwing
  1940 | D:4      | Reached XP level 6. HP: 56/56 MP: 6/6
  1957 | D:3      | Paralysed by Grinder for 7 turns
  1968 | D:3      | Paralysed by Grinder for 7 turns
  1994 | D:3      | Killed Grinder
  2132 | D:3      | Noticed Natasha
  2145 | D:3      | Killed Natasha
  2145 | D:3      | Reached XP level 7. HP: 62/63 MP: 7/7
  2174 | D:3      | Reached *** piety under Trog
  2186 | D:3      | Found an ornate altar of the Wu Jian Council.
  2231 | D:3      | Noticed Natasha
  2244 | D:3      | Killed Natasha
  2649 | D:4      | Killed Eustachio
  2966 | D:4      | Noticed Menkaure
  2983 | D:4      | Killed Menkaure
  2987 | D:4      | Reached XP level 8. HP: 50/73 MP: 8/8
  3342 | D:4      | Bought a +0 helmet for 54 gold pieces
  3374 | D:5      | Entered Level 5 of the Dungeon
  3532 | D:5      | Noticed Ijyb
  3555 | D:5      | Killed Ijyb
  3798 | D:5      | Found Hibir's Book Shoppe.
  3865 | D:5      | Got a pitted hand axe
  3866 | D:5      | Identified the cursed +1 hand axe "Hieceggo" {flame, Dex+4}
                  | (You found it on level 5 of the Dungeon)
  4034 | D:5      | Reached **** piety under Trog
  4034 | D:5      | Reached skill level 5 in Armour
  4200 | D:6      | Found a hide-covered altar of Uskayaw.
  4279 | D:6      | Reached skill level 1 in Evocations
  4289 | D:6      | Reached XP level 9. HP: 82/82 MP: 8/10
  4498 | D:6      | Found a shimmering blue altar of Sif Muna.
  4621 | D:6      | Reached skill level 10 in Axes
  4850 | D:6      | Noticed Prince Ribbit
  4859 | D:6      | Killed Prince Ribbit
  4988 | D:7      | Found a flagged portal.
  5011 | Bailey   | Entered a bailey
  5164 | Bailey   | Received a gift from Trog
  5165 | Bailey   | Reached ***** piety under Trog
  5744 | Bailey   | Reached skill level 10 in Fighting
  5744 | Bailey   | Reached XP level 10. HP: 49/93 MP: 12/12
  6421 | D:7      | Found a blossoming altar of Fedhas.
  6423 | D:7      | Found a white marble altar of Elyvilon.
  6679 | D:7      | Found a stormy altar of Qazlal.
  6756 | D:7      | Found a sacrificial altar of Ru.
  6789 | D:7      | Found a staircase to the Ecumenical Temple.
  6889 | D:7      | Received a gift from Trog
  6984 | D:8      | Noticed Psyche
  6991 | D:8      | Killed Psyche
  7132 | D:8      | Reached skill level 5 in Throwing
  7260 | D:8      | Noticed Joseph
  7286 | D:8      | Killed Joseph
  7350 | D:8      | Noticed Maurice
  7391 | D:8      | Killed Maurice
  7671 | D:8      | Reached XP level 11. HP: 75/102 MP: 14/14
  7949 | D:8      | Found a bloodstained altar of Trog.
  7949 | D:8      | Found a snail-covered altar of Cheibriados.
  8320 | D:9      | You fall into a shaft and drop 3 floors!
  8548 | D:12     | Noticed an unseen horror
  8564 | D:12     | Killed an unseen horror
  8564 | D:12     | Reached skill level 5 in Evocations
  8784 | D:12     | Noticed a purple ugly thing
  8810 | D:12     | Killed a purple ugly thing
  8844 | D:12     | Found a staircase to the Orcish Mines.
  9128 | D:11     | Noticed an unseen horror
  9147 | D:11     | Killed an unseen horror
  9160 | D:10     | Entered Level 10 of the Dungeon
  9173 | D:9      | Found Edekaame's Armour Shop.
  9409 | D:9      | Noticed Grum
  9428 | D:9      | Killed Grum
  9659 | D:9      | Found a staircase to the Lair.
  9733 | D:9      | Found a burning altar of Makhleb.
  9733 | D:9      | Found a shimmering altar of Xom.
  9752 | Lair:1   | Entered Level 1 of the Lair of Beasts
 10143 | Lair:1   | Noticed Fannar
 10161 | Lair:1   | Killed Fannar
 10871 | Lair:2   | Reached XP level 12. HP: 113/113 MP: 16/16
 11658 | Lair:2   | Found a staircase to the Snake Pit.
 11953 | Lair:3   | Found a staircase to the Shoals.
 11985 | Lair:3   | You fall into a shaft and drop 3 floors!
 11985 | Lair:6   | Entered Level 6 of the Lair of Beasts
 12824 | Lair:3   | Noticed a seven-headed hydra
 12839 | Lair:3   | Killed a five-headed hydra
 12990 | Lair:2   | Reached skill level 15 in Axes
 13045 | Lair:2   | Reached XP level 13. HP: 120/123 MP: 18/18
 13941 | Lair:4   | Received a gift from Trog
 15023 | Lair:5   | Found a viscous altar of Jiyva.
 15023 | Lair:5   | Found a staircase to the Slime Pits.
 15777 | Lair:6   | Reached skill level 10 in Armour
 15849 | Lair:6   | Received a gift from Trog
 16332 | Lair:6   | Received a gift from Trog
 16456 | Lair:6   | Reached skill level 15 in Fighting
 16976 | Lair:6   | Reached XP level 14. HP: 135/135 MP: 20/20
 17472 | Lair:6   | Found a burning altar of Makhleb.
 17477 | Lair:6   | Found a gateway to Hell.
 17526 | Lair:6   | Identified the Compendium of Boosts and Hexes
 17962 | D:10     | Received a gift from Trog
 17991 | D:10     | Noticed Erolcha
 18010 | D:10     | Killed Erolcha
 18734 | D:11     | Noticed Erica
 18756 | D:11     | Killed Erica
 19270 | D:12     | Found a shattered altar of Ashenzari.
 19274 | D:12     | Saw a vision of the Shoals and the Snake Pit.
 19569 | Orc:1    | Entered Level 1 of the Orcish Mines
 19753 | Orc:2    | Entered Level 2 of the Orcish Mines
 19804 | Orc:2    | Received a gift from Trog
 20473 | Orc:2    | Found a roughly hewn altar of Beogh.
 20481 | Orc:2    | Received a gift from Trog
 20653 | Orc:2    | Found Jiunug's Gadget Emporium.
 20817 | Orc:2    | Found Qucreac's Antique Weapon Shoppe.
 21114 | Orc:2    | Found a staircase to the Elven Halls.
 21258 | Orc:2    | Noticed an orc warlord
 21289 | Orc:2    | Killed an orc warlord
 22003 | Orc:1    | Received a gift from Trog
 22282 | Orc:1    | Found a runed translucent gate.
 22282 | Orc:1    | Found a runed translucent gate.
 22282 | Orc:1    | Found a runed translucent gate.
 22282 | Orc:1    | Noticed Potutehi's ghost (journeyman DDFi)
 22821 | Orc:2    | Found a roughly hewn altar of Beogh.
 23022 | Orc:2    | Found Baptycot's Book Emporium.
 23096 | Orc:2    | Reached XP level 15. HP: 103/145 MP: 21/21
 23241 | Orc:2    | Found Gushri's Antique Weapon Boutique.
 23579 | Snake:1  | Entered Level 1 of the Snake Pit
 24460 | D:13     | Found a frozen archway.
 24472 | IceCv    | Entered an ice cave
 24897 | IceCv    | Received a gift from Trog
 24906 | IceCv    | Got a steaming war axe {god gift}
 24907 | IceCv    | Identified the +7 war axe of the Establishment {freeze, rN+
                  | Stlth+} (Trog gifted it to you in an ice cave)
 25273 | IceCv    | Got a slimy hand crossbow
 25392 | D:13     | Found Tapnofim's Food Shoppe.
 25529 | D:13     | Noticed Rupert
 25535 | D:13     | Killed Rupert
 25667 | D:13     | Noticed Frances
 25677 | D:13     | Killed Frances
 26184 | D:13     | Found a gate to the Vaults.
 27095 | D:14     | Reached skill level 10 in Evocations
 27278 | D:14     | Found a portal to a secret trove of treasure.
 27334 | D:15     | Entered Level 15 of the Dungeon
 27359 | D:15     | Received a gift from Trog
 27662 | D:15     | Found a staircase to the Depths.
 27899 | D:15     | Received a gift from Trog
 28093 | D:15     | Reached XP level 16. HP: 155/155 MP: 23/23
 28100 | D:15     | Noticed Josephine
 28123 | D:15     | Killed Josephine
 28123 | D:15     | Reached ****** piety under Trog
 28123 | D:15     | Reached skill level 10 in Throwing
 28785 | Shoals:1 | Entered Level 1 of the Shoals
 28862 | Shoals:1 | Received a gift from Trog
 29960 | Shoals:2 | Noticed Polyphemus
 30212 | Shoals:2 | Noticed a kraken
 30402 | Shoals:2 | Killed a kraken
 30965 | Shoals:2 | Noticed Jorgrun
 31007 | Shoals:2 | Killed Jorgrun
 31420 | Shoals:2 | Killed Polyphemus
 31779 | Shoals:2 | Received a gift from Trog
 32362 | Shoals:3 | Got a distressingly furry chain mail
 32414 | Shoals:3 | Identified the +6 chain mail "Miorare" {rF++ rC- rCorr
                  | Stlth+} (You found it on level 3 of the Shoals)
 33213 | Shoals:3 | Received a gift from Trog
 33220 | Shoals:3 | Got an ivory executioner's axe {god gift}
 33222 | Shoals:3 | Identified the +9 executioner's axe "Folusin" {drain,
                  | *Corrode +Rage Str+4} (Trog gifted it to you on level 3 of
                  | the Shoals)
 33385 | Shoals:3 | Reached XP level 17. HP: 148/166 MP: 25/25
 34159 | Shoals:4 | Entered Level 4 of the Shoals
 34489 | Shoals:4 | Identified the +0 plate armour of Gewyonu {rC- Str+5}
 34803 | Shoals:4 | Received a gift from Trog
 36150 | Shoals:4 | Got a barnacled rune of Zot
 36197 | Shoals:4 | Found a runed translucent door.
 37310 | Shoals:4 | Identified the +1 robe of Kaovid {+Blink +Inv rPois Slay-6}
 37320 | Shoals:4 | Identified the +8 great sword of Harmony {flame, rPois}
 38630 | Snake:1  | Received a gift from Trog
 39616 | Snake:2  | Reached XP level 18. HP: 108/176 MP: 26/26
 40363 | Snake:3  | Reached skill level 5 in Dodging
 40382 | Snake:3  | Received a gift from Trog
 41131 | Snake:4  | Entered Level 4 of the Snake Pit
 41411 | Snake:4  | Received a gift from Trog
 42561 | Snake:4  | Received a gift from Trog
 42647 | Snake:4  | Got a bloodstained quarterstaff {god gift}
 42648 | Snake:4  | Identified the +11 quarterstaff of Judgement {crush, rF+
                  | MR+} (Trog gifted it to you on level 4 of the Snake Pit)
 42724 | Snake:4  | Noticed Aizul
 42740 | Snake:4  | Killed Aizul
 45462 | Snake:4  | Reached XP level 19. HP: 180/185 MP: 28/28
 45906 | Snake:4  | Received a gift from Trog
 46583 | Snake:4  | Received a gift from Trog
 46861 | Snake:4  | Got a serpentine rune of Zot
 47186 | Elf:1    | Entered Level 1 of the Elven Halls
 47791 | Elf:1    | Received a gift from Trog
 47933 | Elf:1    | Received a gift from Trog
 48980 | Elf:2    | Found Qomey's Antique Weapon Shop.
 49075 | Elf:2    | Found Syliasir's Weapon Shop.
 49317 | Elf:2    | Found Saczeusu's Magic Scroll Shop.
 49320 | Elf:2    | Found Xicrode's Distillery.
 49413 | Elf:2    | Bought a potion of heal wounds for 75 gold pieces
 49413 | Elf:2    | Bought a potion of heal wounds for 75 gold pieces
 49413 | Elf:2    | Bought a potion of curing for 45 gold pieces
 49413 | Elf:2    | Bought a potion of resistance for 150 gold pieces
 49431 | Elf:2    | Bought a scroll of teleportation for 42 gold pieces
 49431 | Elf:2    | Bought a scroll of teleportation for 42 gold pieces
 49431 | Elf:2    | Bought a scroll of blinking for 105 gold pieces
 49461 | Elf:2    | Found a runed translucent gate.
 49462 | Elf:2    | Found a runed translucent gate.
 49509 | Elf:2    | Received a gift from Trog
 49706 | Elf:2    | Found a runed translucent gate.
 50668 | Elf:2    | Reached XP level 20. HP: 162/198 MP: 29/29
 51202 | Elf:2    | Bought a scroll of immolation for 49 gold pieces
 51530 | Elf:3    | Entered Level 3 of the Elven Halls
 51664 | Elf:3    | Received a gift from Trog
 51876 | Elf:3    | Found Nicheshe's Jewellery Emporium.
 51907 | Elf:3    | Bought the ring of Happiness {rPois rC+ MR+ rCorr} for 788
                  | gold pieces
 52322 | Elf:3    | Received a gift from Trog
 53794 | Elf:3    | Reached skill level 15 in Armour
 54153 | Elf:3    | Cast into level 3 of the Abyss (a deep elf sorcerer)
 54177 | Abyss:3  | Got a bloodstained crystal plate armour
 54708 | Elf:3    | Escaped the Abyss
 55065 | Elf:3    | Found Nicheshe's Jewellery Emporium.
 55685 | Elf:3    | Identified the amulet "Qiunnaj" {Spirit Str-4 Dex+5}
 55841 | Elf:3    | Received a gift from Trog
 55846 | Elf:3    | Identified the +7 crystal plate armour of Proximity {rN++}
                  | (You found it on level 3 of the Abyss)
 56058 | Elf:3    | Got a coiled lead ring
 56059 | Elf:3    | Identified the ring of the Oligarchy {rF+ Int+4 Slay-5
                  | Stlth-} (You found it on level 3 of the Elven Halls)
 56514 | Vaults:1 | Entered Level 1 of the Vaults
 56514 | Vaults:1 | Found Hajayl's Magic Scroll Emporium.
 56757 | Vaults:1 | Reached XP level 21. HP: 206/206 MP: 31/31
 56892 | Vaults:1 | You are sucked into a shaft and drop 1 floor!
 56892 | Vaults:2 | Found a staircase to the Crypt.
 57046 | Vaults:2 | Noticed Asterion
 57069 | Vaults:2 | Killed Asterion
 57350 | Vaults:2 | Received a gift from Trog
 57439 | Vaults:2 | Received a gift from Trog
 58146 | Vaults:1 | Received a gift from Trog
 58564 | Vaults:1 | Found a hazy altar of Hepliaklqana.
 58626 | Vaults:1 | Received a gift from Trog
 58629 | Vaults:1 | Identified the +10 executioner's axe "Abunex" {chop,
                  | *Corrode rN+ Int+5 Stlth+} (Trog gifted it to you on level
                  | 1 of the Vaults)
 59373 | Vaults:3 | Reached XP level 22. HP: 217/217 MP: 32/32
 59491 | Vaults:3 | Noticed a golden dragon
 59533 | Vaults:3 | Killed a golden dragon
 59671 | Vaults:3 | You are sucked into a shaft and drop 1 floor!
 59762 | Vaults:4 | Found a large runed translucent door.
 59762 | Vaults:4 | Found a large runed translucent door.
 59762 | Vaults:4 | Found a large runed translucent door.
 59762 | Vaults:4 | Found a large runed translucent door.
 59762 | Vaults:4 | Found a large runed translucent door.
 59762 | Vaults:4 | Found a large runed translucent door.
 59762 | Vaults:4 | Found a large runed translucent door.
 59762 | Vaults:4 | Found a large runed translucent door.
 59762 | Vaults:4 | Noticed Bailed's ghost (veteran MiMo)
 59774 | Vaults:4 | Received a gift from Trog
 59959 | Vaults:3 | Noticed Donald
 59979 | Vaults:3 | Killed Donald
 60134 | Vaults:3 | Received a gift from Trog
 60151 | Vaults:3 | Identified the +4 broad axe of Extremism {flame, Str+4}
                  | (Trog gifted it to you on level 3 of the Vaults)
 60903 | Vaults:4 | Found a gateway to a bazaar.
 61344 | Vaults:4 | Received a gift from Trog
 61382 | Vaults:4 | Reached XP level 23. HP: 227/227 MP: 33/33
 61649 | Vaults:5 | Entered Level 5 of the Vaults
 61792 | Vaults:4 | Received a gift from Trog
 61868 | Bazaar   | Entered a bazaar
 61868 | Bazaar   | Found Aclo's Magic Scroll Shop.
 61874 | Bazaar   | Bought a scroll of brand weapon for 240 gold pieces
 61874 | Bazaar   | Bought a scroll of fog for 24 gold pieces
 61874 | Bazaar   | Bought a scroll of teleportation for 36 gold pieces
 61874 | Bazaar   | Bought a scroll of enchant weapon for 90 gold pieces
 61874 | Bazaar   | Found Qapecuck's Book Boutique.
 61900 | Bazaar   | Found Hikh's Gadget Shoppe.
 61903 | Bazaar   | Found Roleletz's Food Shop.
 61905 | Bazaar   | Bought a wand of clouds (6) for 360 gold pieces
 61905 | Bazaar   | Bought a wand of digging (5) for 216 gold pieces
 61912 | Bazaar   | Found Niczed's Magic Scroll Emporium.
 61920 | Bazaar   | Bought a scroll of acquirement for 624 gold pieces
 61922 | Bazaar   | Found the +4 skin of Zhor {Hibernate rC+++ SInv}
 62214 | Vaults:4 | Received a gift from Trog
 62235 | Vaults:5 | Noticed a golden dragon
 62255 | Vaults:5 | Killed a golden dragon
 62307 | Vaults:5 | Identified the ring of Urpheip {Ice Str+5}
 62345 | Vaults:5 | Identified the +7 bardiche of Patterns {drain, Int+5}
 62433 | Vaults:5 | Reached skill level 15 in Evocations
 62442 | Vaults:5 | Received a gift from Trog
 62477 | Vaults:5 | Reached XP level 24. HP: 232/238 MP: 34/34
 62741 | Vaults:5 | Noticed an ancient lich
 62778 | Vaults:5 | Killed an ancient lich
 63138 | Vaults:5 | Identified the +11 short sword of Disarray {pierce, Str+5
                  | Stlth+}
 63157 | Vaults:5 | Received a gift from Trog
 63205 | Vaults:5 | Noticed an ancient lich
 63213 | Vaults:5 | Noticed Frederick
 63217 | Vaults:5 | Killed an ancient lich
 63224 | Vaults:5 | Killed Frederick
 63399 | Vaults:5 | Received a gift from Trog
 63457 | Vaults:5 | Reached skill level 10 in Dodging
 63464 | Vaults:5 | Identified the +11 crystal plate armour of Qutov {rC- rN+
                  | Int+2} (You acquired it on level 5 of the Vaults)
 63683 | Vaults:5 | Got a silver rune of Zot
 64253 | Depths:1 | Entered Level 1 of the Depths
 64367 | Depths:1 | Received a gift from Trog
 64374 | Depths:1 | Found a gateway to a ziggurat.
 64519 | Depths:1 | Found Quckaq's Weapon Shoppe.
 64521 | Depths:1 | Found Heducs Nusch's General Store.
 64523 | Depths:1 | Found Codoog's Jewellery Shoppe.
 64536 | Depths:1 | Reached XP level 25. HP: 245/248 MP: 34/34
 64946 | Depths:1 | Found a one-way gate to the infinite horrors of the Abyss.
 64977 | Depths:1 | Received a gift from Trog
 65101 | Depths:1 | Found a runed translucent door.
 65109 | Depths:1 | Noticed mora's ghost (adept MiBe)
 66077 | Depths:2 | Reached skill level 15 in Throwing
 66238 | Depths:2 | Reached skill level 27 in Axes
 66646 | Depths:2 | Received a gift from Trog
 67033 | Depths:2 | Identified the +2 pair of gloves of the Disturbing Spirits
                  | {rF- rC- rCorr Dex+10} (You found it on level 2 of the
                  | Depths)
 67417 | Depths:3 | Paralysed by a floating eye for 4 turns
 67424 | Depths:3 | Paralysed by a floating eye for 3 turns
 67964 | Depths:3 | Found a one-way gate leading to the halls of Pandemonium.
 67976 | Depths:3 | Received a gift from Trog
 68057 | Depths:3 | Paralysed by a floating eye for 4 turns
 68324 | Depths:4 | Paralysed by a floating eye for 3 turns
 68338 | Depths:4 | Received a gift from Trog
 68532 | Depths:4 | Reached XP level 26. HP: 260/261 MP: 35/35
 68611 | Depths:4 | Found a runed translucent gate.
 68612 | Depths:4 | Found a runed translucent gate.
 68612 | Depths:4 | Found a runed translucent gate.
 68613 | Depths:4 | Noticed Polaczum's ghost (adept TrMo)
 68613 | Depths:4 | Noticed Camaan's ghost (adept DgCj)
 68644 | Depths:4 | Noticed Zeweikyj's ghost (veteran FoFi)
 68919 | Depths:4 | Found a corrupted altar of Lugonu.
 69281 | Depths:5 | Entered Level 5 of the Depths
 69365 | Depths:5 | Received a gift from Trog
 69605 | Depths:5 | Received a gift from Trog
 69817 | Depths:5 | Found a gate to the Realm of Zot.
 70249 | Depths:5 | Found Qilaan's Gadget Boutique.
 70250 | Depths:5 | Found Xodd's Jewellery Emporium.
 70251 | Depths:5 | Found Fomab's Gadget Boutique.
 70271 | Depths:5 | Noticed a juggernaut
 70285 | Depths:5 | Killed a juggernaut
 70378 | Depths:5 | Found a large runed translucent door.
 70382 | Depths:5 | Found a large runed translucent door.
 70382 | Depths:5 | Noticed Bazinnaoc's ghost (veteran BaIE)
 71067 | Depths:5 | Found Qilaan's Gadget Boutique.
 71195 | Depths:5 | Found a gate to the Realm of Zot.
 71336 | Depths:5 | Found Xodd's Jewellery Emporium.
 71337 | Depths:5 | Found Fomab's Gadget Boutique.
 72333 | Crypt:1  | Entered Level 1 of the Crypt
 72383 | Crypt:1  | Received a gift from Trog
 72657 | Crypt:1  | Received a gift from Trog
 73088 | Crypt:1  | Reached skill level 27 in Fighting
 73347 | Crypt:1  | Received a gift from Trog
 73366 | Crypt:1  | Reached XP level 27. HP: 222/273 MP: 35/35
 73748 | Crypt:1  | Identified the +3 quarterstaff of Valour {crush, rN+ Int+5}
 73759 | Crypt:1  | Identified the ring of Cuxoxtun {Wiz rElec Int+7}
 73759 | Crypt:1  | Noticed Jory
 73769 | Crypt:1  | Killed Jory
 73945 | Crypt:1  | Found a basalt altar of Yredelemnul.
 74154 | Crypt:1  | Identified the +7 battleaxe of Prudence {venom, Str+6
                  | Int-4} (You found it on level 1 of the Crypt)
 75204 | Crypt:2  | Received a gift from Trog
 75534 | Crypt:3  | Entered Level 3 of the Crypt
 77133 | Crypt:3  | Received a gift from Trog
 77144 | Crypt:3  | Found a staircase to the Tomb.
 77565 | Crypt:3  | Identified the ring of Yjusazael {*Corrode rN+ Dex+4
                  | Slay+3}
 77619 | Crypt:3  | Received a gift from Trog
 77786 | Crypt:3  | Identified the ring "Ynkuhesu" {rN+ Dex+7} (You found it on
                  | level 3 of the Crypt)
 77787 | Crypt:3  | Identified the ring of Temptation {*Corrode rF++ rN+ Str+2}
                  | (You found it on level 3 of the Crypt)
 79548 | Slime:1  | Entered Level 1 of the Pits of Slime
 80068 | Slime:4  | Received a gift from Trog
 80164 | Slime:5  | Entered Level 5 of the Pits of Slime
 80606 | Slime:5  | Noticed the Royal Jelly
 80628 | Slime:5  | Killed the Royal Jelly
 80676 | Slime:5  | Got a shimmering granite ring
 80678 | Slime:5  | Got a slimy rune of Zot
 80684 | Slime:5  | Found the +6 shillelagh "Devastator" {shatter}
 80696 | Slime:5  | Identified the ring "Inaq" {MP+9 Str+4 Int+4 Dex+3 Slay-2}
                  | (You found it on level 5 of the Pits of Slime)
 80698 | Slime:5  | Got a clouded copper ring
 80731 | Slime:5  | Identified the ring "Cycrat" {rC+ MR+++ MP-9 Str+3 Int-2}
                  | (You found it on level 5 of the Pits of Slime)
 81083 | Slime:5  | Identified the +4 plate armour of Ketakhla {*Corrode Dex+3}
                  | (You found it on level 5 of the Pits of Slime)
 81390 | Depths:1 | Voluntarily entered the Abyss.
 81428 | Abyss:2  | Found a corrupted altar of Lugonu.
 81534 | Abyss:2  | Found a corrupted altar of Lugonu.
 81584 | Abyss:2  | Found a hazy altar of Hepliaklqana.
 81625 | Abyss:2  | Found a burning altar of Makhleb.
 81648 | Abyss:2  | Gained mutation: You are covered in fur. (AC +1) [a
                  | neqoxec]
 81649 | Abyss:2  | Gained mutation: You are dopey. (Int -2) [a neqoxec]
 81827 | Abyss:2  | Received a gift from Trog
 82158 | Abyss:2  | Found a corrupted altar of Lugonu.
 82711 | Abyss:3  | Found a corrupted altar of Lugonu.
 82881 | Abyss:3  | Received a gift from Trog
 83016 | Abyss:3  | Received a gift from Trog
 83019 | Abyss:3  | Paralysed by a floating eye for 3 turns
 83051 | Abyss:3  | Got an abyssal rune of Zot
 83134 | Depths:1 | Escaped the Abyss
 83340 | Vaults:1 | Bought a scroll of enchant weapon for 135 gold pieces
 84193 | Elf:2    | Bought a scroll of enchant weapon for 105 gold pieces
 84193 | Elf:2    | Bought a scroll of enchant weapon for 105 gold pieces
 84193 | Elf:2    | Bought a scroll of enchant weapon for 105 gold pieces
 84639 | Zot:1    | Entered Level 1 of the Realm of Zot
 84736 | Zot:1    | Received a gift from Trog
 84931 | Zot:1    | Received a gift from Trog
 85056 | Zot:1    | Received a gift from Trog
 85351 | Zot:1    | Received a gift from Trog
 86694 | Zot:2    | Received a gift from Trog
 86737 | Zot:2    | Noticed an orb of fire
 86975 | Zot:2    | Found the +11 plutonium sword {*Contam Stlth-}
 87016 | Zot:2    | Noticed an ancient lich
 87026 | Zot:2    | Killed an ancient lich
 87429 | Zot:2    | Gained mutation: You are occasionally teleported next to
                  | monsters. [an orb of fire]
 87434 | Zot:2    | Killed an orb of fire
 87437 | Zot:2    | Found a stormy altar of Qazlal.
 87448 | Zot:2    | Identified the ring of Elitism {Wiz rN+ Dex+5} (You found
                  | it on level 2 of the Realm of Zot)
 87820 | Orc:2    | Lost mutation: You are dopey. (Int -2) [potion of mutation]
 87820 | Orc:2    | Lost mutation: You are occasionally teleported next to
                  | monsters. [potion of mutation]
 87820 | Orc:2    | Gained mutation: You can translocate small distances at
                  | will. [potion of mutation]
 87820 | Orc:2    | Gained mutation: Your muscles are strong. (Str +2) [potion
                  | of mutation]
 87820 | Orc:2    | Gained mutation: You have sharp toenails. [potion of
                  | mutation]
 88897 | Zot:4    | Received a gift from Trog
 89148 | Zot:4    | Received a gift from Trog
 89150 | Zot:4    | Reached skill level 15 in Dodging
 89920 | Zot:5    | Entered Level 5 of the Realm of Zot
 90754 | Zot:5    | Noticed an ancient lich
 90754 | Zot:5    | Noticed an orb of fire
 90754 | Zot:5    | Noticed an orb of fire
 90754 | Zot:5    | Noticed an orb of fire
 90754 | Zot:5    | Lost mutation: Your muscles are strong. (Str +2) [an orb of
                  | fire]
 90757 | Zot:5    | Noticed an ancient lich
 90761 | Zot:5    | Noticed an ancient lich
 90765 | Zot:5    | Gained mutation: You are weak. (Str -2) [an orb of fire]
 90770 | Zot:5    | Killed an orb of fire
 90770 | Zot:5    | Gained mutation: You passively map a small area around you.
                  | [an orb of fire]
 90784 | Zot:5    | HP: 10/273 [reaper/+4 scythe of slicing[an ancient lich]
                  | (23)]
 90784 | Zot:5    | HP: 4/273 [reaper/+4 scythe of slicing[an ancient lich]
                  | (6)]
 90784 | Zot:5    | Killed from afar by an electric golem

Levels and vault maps discovered:
D:1:      dpeg_arrival_simpleton_a, layout_rooms
D:2:      wad_river_or_something, layout_basic, vehumet_crystals, first_ration
D:3:      minmay_skewed_foursquare, layout_basic, marbit_many_paths,
          uniq_grinder, uniq_natasha
D:4:      layout_loops_cross, serial_shops, shop_fountains, uniq_eustachio,
          uniq_menkaure
D:5:      layout_cave_pools, serial_shops, kennysheep_little_box,
          chequers_serial_rivers_large_b, uniq_ijyb
D:6:      layout_loops_cross, lemuel_doored_altar, led_sif_pool,
          uniq_prince_ribbit1
D:7:      layout_rooms, nicolae_ru_the_path_less_chosen,
          nicolae_qazlal_general_emergency,
          chequers_temple_overflow_statue_of_worship,
          minmay_temple_entry_statues_fountains, enter_bailey_3
D:8:      layout_basic, amethyst_overflow_temple_binary, grunt_livestock,
          uniq_joseph, uniq_psyche, uniq_maurice
D:9:      layout_basic, grunt_temple_overflow_champion_of_chaos,
          lair_entry_dummy, serial_shops, nicolae_shop_window_shopping,
          uniq_grum
D:10:     layout_cave_pools, uniq_erolcha
D:11:     layout_irregular_city, uniq_erica
D:12:     layout_roguey, minmay_orc_entry_guard_dogs, grunt_ashenzari_visionary
          [grunt_ashenzari_visionary_shoals, grunt_ashenzari_visionary_snake]
D:13:     layout_roguey, grunt_vaults_entry_fortified, serial_shops, shop,
          portal_ice_cave_entry_pillars_1, uniq_rupert, uniq_frances
D:14:     layout_roguey, nicolae_trove_entry_crystal, amethyst_killhole
D:15:     gammafunk_depths_entry_grave, layout_rooms, serial_bayou_pond_d,
          uniq_josephine
Lair:1:   layout_misc_corridors, uniq_fannar
Lair:2:   layout_roguey, minmay_snake_entry_guardpost_large
Lair:3:   layout_concentric_octagons, minmay_shoals_entry_centaurs
Lair:4:   layout_loops_ring, serial_bayou_shore_a, grunt_megastairs_3,
          minmay_lair_oklob_chamber, infiniplex_staircase_pool
Lair:5:   layout_regular_city, slime_altar_1, lemuel_fruit_tree
Lair:6:   evil_forest, layout_layer_cave, minivault_25
Shoals:1: layout_shoals
Shoals:2: layout_shoals, uniq_polyphemus, uniq_jorgrun
Shoals:3: layout_shoals, nicolae_shoals_isolated_beach
Shoals:4: shoals_end_grunt_garden, layout_shoals, lightli_airlock
Snake:1:  layout_misc_corridors, grunt_ministairs_6, st_stairs_11,
          guppyfry_snake_island, grunt_megastairs_2
Snake:2:  layout_honeycomb
Snake:3:  layout_rooms
Snake:4:  snake_pit_salamanders_mu, layout_cave_town, uniq_aizul
Slime:1:  layout_caves, basic_altar
Slime:2:  layout_caves
Slime:3:  layout_caves
Slime:4:  layout_caves
Slime:5
Orc:1:    layout_caves, gammafunk_ghost_necromancy
Orc:2:    pubby_orc_utopia
Elf:1:    eino_elf_arrival_shootout, layout_geoelf_grid, minmay_elf_necromancy,
          small_chamber_with_monster
Elf:2:    layout_onion_city, serial_shops, shop, shop, shop, shop
Elf:3:    minmay_elf_hall_spiked, layout_loops_ring, serial_shops, shop
Vaults:1: ontoclasm_vaults_bender, nicolae_vaults_quadrants,
          ontoclasm_vaults_ligature, v_misc_30, hangedman_vaults_stitches,
          hangedman_vaults_corner_blocks, grunt_vaults_swirl, vaults_room_pools,
          dpeg_vaults_monster_row, vaults_room_grunt_arrival_ludios,
          layout_vaults_omnigrid, serial_shops, nicolae_shop_trees, basic_altar
Vaults:2: nicolae_vaults_little_squares_4, v_misc_13,
          nicolae_vaults_little_squares_6, nicolae_vaults_theta, v_misc_22,
          vaults_room_glass_cross, minmay_crypt_entry_simple_sparse,
          grunt_vaults_hallway_long, hangedman_vaults_restitches,
          nicolae_vaults_network_star, v_misc_17, vaults_room_grid,
          nicolae_vaults_sealed_display, layout_vaults_ring, uniq_asterion
Vaults:3: v_misc_3, hangedman_vaults_cutoff, v_misc_25, hangedman_vaults_slice,
          ontoclasm_vaults_eye, hangedman_vaults_nails, v_misc_23,
          st_greater_box_4, vaults_room_fours, v_misc_24, v_misc_15,
          layout_vaults_omnibox, uniq_donald
Vaults:4: advil_vaults_ghost_lines, vaults_room_boxed,
          nicolae_vaults_mini_display_case, v_misc_27, v_rooms_2,
          vaults_standard_mumra_lines, v_misc_25, v_misc_11,
          nicolae_vaults_little_squares_2, grunt_vaults_diagonal,
          ontoclasm_vaults_decontamination, layout_vaults_omnicross,
          serial_shops, bzr_entry_dummy
Vaults:5: serial_shops, uniq_frederick
Crypt:1:  lemuel_vampire_tower, layout_basic, minmay_strange_pillars,
          grunt_crypt_arrival_webbed, roderic_lattice_octagonal_star
Crypt:2:  layout_misc_corridors, minigarden_bobbens
Crypt:3:  quadcrypt_mu
Depths:1: layout_cave_shapes, enter_ziggurat_e, minmay_room_of_horrors,
          minmay_stone_trees_small, grunt_hell_entry_dis_mu,
          muffindrake_ghost_dead_mans_drink, nrook_campfire, st_stairs_8,
          lemuel_flame_loot_1, minmay_shop_star
Depths:2: minmay_the_grid_square_5x5_4x4_mashed
          [minmay_the_grid_square_5x5_spiral_small,
          minmay_the_grid_square_5x5_six_small, minmay_the_grid_square_5x5_c,
          minmay_the_grid_square_5x5_three, minmay_the_grid_square_5x5_fat_x,
          minmay_the_grid_square_5x5_prize_monsterx,
          minmay_the_grid_square_5x5_prize_itemx,
          minmay_the_grid_square_5x5_two_walls_b,
          minmay_the_grid_square_5x5_shrine1,
          minmay_the_grid_square_5x5_prize_waves,
          minmay_the_grid_square_5x5_prize_open,
          minmay_the_grid_square_5x5_inverted_slash,
          minmay_the_grid_square_5x5_almost_minimal,
          minmay_the_grid_square_5x5_dogpile, minmay_the_grid_square_5x5_n,
          minmay_the_grid_square_5x5_shrine2], layout_basic,
          grunt_decor_fettered, pf_hell_entry_great_geh, st_stairs_11,
          kennysheep_another_room, lemuel_flamethrower_2,
          infiniplex_staircase_diamond
Depths:3: minmay_triangles_in_corner, layout_basic, minmay_splitting_lines,
          grunt_pan_entry_spiral, hell_entry, abyss_entry, serial_bayou_shore_b,
          infiniplex_staircase_pool_2, serial_bayou_shore_b
Depths:4: minmay_inside_and_out, layout_twisted_cross, gammafunk_ghost_cemetery,
          pf_hell_entry_tar_spiral, kennysheep_small_spiral,
          abyss_entry_flame_altar
Depths:5: grunt_zot_entry_bicorn, layout_honeycomb, ebering_ghost_disaster_area,
          rand_demon_pan_entry_5, hell_entry, grunt_decor_one_mirror,
          minmay_shop_grove
Zot:1:    layout_cathedral_of_symmetry
Zot:2:    regret_index_qazlal_generations, layout_twisted_circle,
          grunt_ministairs_2
Zot:3:    layout_basic, grunt_ministairs_2, lemuel_elevator
Zot:4:    layout_cathedral_of_symmetry
Zot:5:    layout_basic

Skill      XL: |  1  2  3  4  5  6  7  8  9 10 11 12 13 14 15 16 17 18 19 20 21 22 23 24 25 26 27 |
---------------+----------------------------------------------------------------------------------+-----
Fighting       | 4 5 6 7 8 10 11 12 13 15 16 17 18 19 20 21 22 23 24 26 27 | 27.0
Axes           | 5 6 8 9 10 12 13 15 16 17 18 19 20 21 22 23 24 25 26 27 | 27.0
Armour         | 3 4 5 6 7 8 9 10 11 12 13 14 15 16 17 18 19 23 | 23.1
Throwing       | 1 2 3 4 5 6 7 8 9 10 11 12 13 14 15 16 19 | 19.9
Evocations     | 1 3 4 5 7 8 9 10 11 12 13 14 15 16 17 21 | 21.2
Dodging        | 3 4 5 6 7 8 9 10 15 | 15.4

Action                   |  1- 3 |  4- 6 |  7- 9 | 10-12 | 13-15 | 16-18 | 19-21 | 22-24 | 25-27 || total
-------------------------+-------+-------+-------+-------+-------+-------+-------+-------+-------++-------
Melee: Hand axe          |   128 |   172 |   452 |   789 |    40 |    24 |       |       |       ||  1605
       Broad axe         |       |       |       |   126 |   669 |       |       |       |       ||   795
       Executioner's axe |       |       |       |       |   577 |   698 |  1240 |  1037 |  2597 ||  6149
       Battleaxe         |       |       |       |       |       |   135 |       |       |   281 ||   416
Throw: Dart              |       |     5 |     1 |       |       |       |       |       |       ||     6
       Stone             |       |     2 |       |       |       |       |       |       |       ||     2
       Boomerang         |       |       |       |     6 |    36 |   438 |   112 |       |    99 ||   691
       Javelin           |       |       |       |     4 |    31 |    37 |    40 |     9 |    17 ||   138
       Throwing net      |       |       |       |       |       |       |     2 |     2 |       ||     4
Invok: Berserk           |       |     4 |    12 |    10 |     2 |       |     1 |       |       ||    29
       Brothers in Arms  |       |       |       |     6 |     2 |     5 |     6 |       |       ||    19
       Trog's Hand       |       |       |       |       |     6 |     5 |     4 |       |    12 ||    27
 Abil: Stop Flying       |       |       |       |       |       |     1 |       |       |       ||     1
       Evoke Flight      |       |       |       |       |       |     1 |       |       |       ||     1
       Blink             |       |       |       |       |       |       |       |       |     3 ||     3
Evoke: Wand              |       |       |       |     3 |    16 |    21 |    18 |       |     1 ||    59
       Lamp of fire      |       |       |       |       |     3 |     2 |     2 |       |     1 ||     8
       Phial of floods   |       |       |       |       |     1 |       |       |       |       ||     1
       Lightning rod     |       |       |       |       |       |       |     3 |       |       ||     3
  Use: Scroll            |       |       |       |    18 |    10 |    14 |    14 |    10 |    51 ||   117
       Potion            |       |       |       |       |     1 |     5 |     2 |     1 |     8 ||    17
 Stab: Distracted        |       |       |       |     1 |       |       |     1 |     1 |       ||     3
       Paralysed         |       |       |       |       |     1 |       |       |       |       ||     1
  Eat: Chunk             |       |     7 |    23 |    29 |    43 |    34 |    33 |    16 |    29 ||   214
       Ration            |       |       |       |     2 |     3 |     7 |     5 |     1 |    19 ||    37
Armor: Chain mail        |    83 |    97 |   139 |       |       |       |       |       |       ||   319
       Plate armour      |       |       |    89 |   506 |   894 |   646 |   427 |       |       ||  2562
       Crystal plate arm |       |       |       |       |       |       |   302 |   882 |  2170 ||  3354
Dodge: Dodged            |    46 |    57 |   169 |   306 |   553 |   559 |   512 |   566 |  1727 ||  4495
